 Dungeon Crawl Stone Soup version 0.28-a0-1429-gf3d713df7a (webtiles) character file.

Game seed: 15895571351446358768

109 karrick the Covered (level 4, -9/29 HPs)
             Began as a Gargoyle Fighter on Jan 8, 2022.
             Killed by divine providence
             ... invoked by an orc priest
              (15 damage)
             ... on level 3 of the Dungeon.
             The game lasted 00:02:47 (2359 turns).

karrick the Covered (Gargoyle Fighter)              Turns: 2359, Time: 00:02:48

Health: -9/29      AC: 13    Str: 20    XL:     4   Next: 89%
Magic:  4/4        EV:  9    Int:  8    God:
Gold:   144        SH:  4    Dex: 11    Spells: 3/3 levels left

rFire   . . .      SeeInvis .   j - +2 whip (elec)
rCold   . . .      Faith    .   c - +0 buckler
rNeg    + . .      Spirit   .   b - +0 scale mail
rPois   ∞          Reflect  .   m - +2 helmet
rElec   +          Harm     .   (no cloak)
rCorr   .          Rampage  .   (no gloves)
Will    .....                   (no boots)
Stlth   ..........              (no amulet)
HPRegen 0.09/turn               (no ring)
MPRegen 0.09/turn               (no ring)

@: invisible
A: sickness immunity, AC +3, negative energy resistance 1, electricity
resistance, torment resistance 1, petrification resistance
a: no special abilities


You were on level 3 of the Dungeon.
You visited 1 branch of the dungeon, and saw 3 of its levels.

You collected 144 gold pieces.

Inventory:

Hand Weapons
 a - a +0 flail
 j - a +2 whip of electrocution (weapon)
 p - a +2 flail of draining
Armour
 b - a +0 scale mail (worn)
 c - a +0 buckler (worn)
 k - a +3 leather armour
 m - a +2 helmet (worn)
Jewellery
 f - a ring of positive energy
 q - a ring of positive energy
Scrolls
 g - a scroll of enchant armour {unknown}
 h - a scroll of identify {unknown}
 l - a scroll of holy word {unknown}
 n - a scroll of vulnerability {unknown}
 o - a scroll of blinking {unknown}
Potions
 d - a potion of might
 i - a potion of haste {unknown}


   Skills:
 + Level 3.8 Fighting
 + Level 2.9 Maces & Flails
 + Level 4.2 Armour
 + Level 1.0 Dodging
 + Level 0.2 Stealth
 + Level 3.7 Shields


You had 3 spell levels left.
You didn't know any spells.
Your spell library contained the following spells:

 Spells                   Type           Power      Damage    Failure   Level
 Sting                    Tmut/Pois      0%         1d3       85%         1
 Poisonous Vapours        Pois/Air       0%         N/A       94%         2
 Wereblood                Tmut           0%         N/A       94%         2
 Olgreb's Toxic Radiance  Pois           0%         N/A       100%        4
 Summon Hydra             Summ           0%         N/A       100%        7
 Sublimation of Blood     Necr           Unusable   N/A       N/A         2

Dungeon Overview and Level Annotations

Branches:
Dungeon (3/15)

Altars:
Hepliaklqana
Yredelemnul


Innate Abilities, Weirdness & Mutations

You are immune to sickness and miasma.
Your stone body is resilient. (AC +3)
You are immune to poison.
You resist negative energy. (rN+)
You are resistant to electric shocks. (rElec)
You are resistant to unholy torment.
You are immune to petrification.


Message History

You hit the orc wizard.
The orc wizard is severely wounded.
The orc wizard hits you but does no damage.
You closely miss the orc wizard.
The orc wizard is severely wounded.
The orc wizard misses you.
You hit the orc wizard.
The orc wizard is severely wounded.
The orc wizard hits you with a +0 dagger.
An orc priest comes into view. It is wielding a +0 mace.
You hit the orc wizard.
The orc wizard is almost dead.
You block the orc wizard's attack.
You barely miss the orc wizard.
The orc wizard is almost dead.
The orc wizard hits you but does no damage.
You hit the orc wizard.
The orc wizard is almost dead.
You block the orc wizard's attack.
You hit the orc wizard but do no damage.
The orc wizard is almost dead.
The orc wizard mumbles some strange words.
The orc wizard flickers and vanishes!
Deactivating autopickup; reactivate with Ctrl-A.
You completely miss something.
You hear some strange, mumbled words.
A puff of flame appears from out of thin air!
The puff of flame hits you but does no damage.
The orc priest calls down the wrath of Beogh upon you.
Beogh smites you!
* * * LOW HITPOINT WARNING * * *
You are too injured to fight recklessly!
Unknown command.
It was a potion of invisibility.
You fade into invisibility!
Something hits you but does no damage.
The orc priest invokes the aid of Beogh against you.
Beogh smites you!
Ouch! That really hurt!
You die...

###### .# ###### #.#
...<.# #####.##
..... ......# #.#.##
##....# ..<...
.....# ...## #.#..#
#..## ####.#..#####
#.<.# #.......@{oo#
....# #.##.#..###o#
....# #.##.#..#
....# ###.#.....#
....###..#......###
.....##.#.#.......#
...#.##.#.#.#.....#
...#....#..##.......
.#####..###.#.....##


You could see an orc priest and 2 orcs.

Vanquished Creatures
  Jessica (D:2)
  A gnoll (D:1)
  An adder (D:2)
  2 worms
  A dart slug (D:2)
  An orc (D:3)
  9 ball pythons
  4 bats
  6 endoplasms
  3 giant cockroaches
  5 goblins
  4 hobgoblins
  5 jackals
  A kobold (D:2)
  A quokka (D:1)
  A frilled lizard (D:1)
  3 rats
49 creatures vanquished.

Vanquished Creatures (others)
  3 plants (D:1)
3 creatures vanquished.

Grand Total: 52 creatures vanquished

Notes
Turn   | Place    | Note
-------+----------+-------------------------------------------
     0 | D:1      | karrick the Gargoyle Fighter began the quest for the Orb.
     0 | D:1      | Reached XP level 1. HP: 14/14 MP: 1/1
   350 | D:2      | Reached XP level 2. HP: 9/19 MP: 2/2
   719 | D:2      | Noticed Jessica
   725 | D:2      | Killed Jessica
   726 | D:2      | Reached XP level 3. HP: 22/23 MP: 3/3
   827 | D:2      | Reached skill level 4 in Armour
  1253 | D:2      | Reached XP level 4. HP: 28/28 MP: 4/4
  1445 | D:1      | Reached skill level 1 in Dodging
  1560 | D:1      | Found a faded altar of an unknown god.
  2222 | D:3      | Found a hazy altar of Hepliaklqana.
  2266 | D:3      | Found a basalt altar of Yredelemnul.
  2359 | D:3      | Killed from afar by an orc priest

Illustrated notes

Levels and vault maps discovered:
D:1:      minmay_arrival_open_corners, layout_basic,
          shapermc_ecumenical_altar_acropolis
D:2:      layout_loops_ring, uniq_jessica
D:3:      layout_loops_ring, yredelemnul_altar_generic,
          mainiacjoe_overflow_alcove_4, nicolae_qazlal_scattered_showers,
          kennysheep_potato

Skill      XL: |  1  2  3  4 |
---------------+-------------+-----
Armour         | 4 |  4.2
Dodging        | 1 |  1.0
Fighting       | |  3.8
Maces & Flails | |  2.9
Stealth        | |  0.2
Shields        | |  3.7

Action                   |  1- 3 |  4- 6 || total
-------------------------+-------+-------++-------
Melee: Flail             |    66 |       ||    66
       Whip              |    10 |   112 ||   122
  Use: Potion            |       |     1 ||     1
Armor: Scale mail        |    60 |    62 ||   122
Dodge: Dodged            |    62 |    43 ||   105
Block: Buckler           |    20 |    24 ||    44

Table legend: (Time is in decaauts)
 A = Elapsed time spent in this place.
 B = Non-inter-level travel time spent in this place.
 C = Inter-level travel time spent in this place.
 D = Time resting spent in this place.
 E = Time spent auto-exploring this place.
 F = Levels seen in this place.
 G = Mean time per level.
                   A        B        C        D        E       F      G
               +--------+--------+--------+--------+--------+-----+--------+
         Total |   2381 |   2335 |     46 |      0 |   1929 |   3 |  793.7 |
       Dungeon |   2381 |   2335 |     46 |      0 |   1929 |   3 |  793.7 |
               +--------+--------+--------+--------+--------+-----+--------+

Top non-repeatable levels by time:
     D:2: 1314 daAuts
     D:1: 736 daAuts
     D:3: 330 daAuts
